 Dungeon Crawl Stone Soup version 0.19-a0-1008-g4c63d25 (webtiles) character file.

455 epen the Chopper (level 7, -3/58 HPs)
             Began as a Hill Orc Wanderer on July 22, 2016.
             Killed from afar by a battlesphere (17 damage)
             ... created by nubinia's ghost
             ... on level 4 of the Dungeon.
             The game lasted 00:06:44 (4218 turns).

epen the Chopper (Hill Orc Wanderer)                Turns: 4218, Time: 00:06:45

Health: -3/58      AC:  7    Str: 17    XL:     7   Next: 5%
Magic:  8/8        EV: 11    Int: 10    God:
Gold:   149        SH:  0    Dex: 12    Spells: 0 memorised, 8 levels left

rFire  + . .     SeeInvis .     h - +3 hand axe (vamp)
rCold  . . .     Gourm    .     b - +0 ring mail
rNeg   . . .     Faith    .     (no shield)
rPois  .         Spirit   .     (helmet restricted)
rElec  +         Dismiss  .     l - +0 cloak
rCorr  .         Reflect  .     (no gloves)
SustAt .         Harm     .     (no boots)
MR     .....                    (no amulet)
Stlth  +.........               (no ring)
                                (no ring)

@: not resistant to hostile enchantments, very unstealthy
A: antennae 1, fire resistance 1, electricity resistance, evolution 1
a: no special abilities


You were on level 4 of the Dungeon.
You were not hungry.

You visited 1 branch of the dungeon, and saw 4 of its levels.

You collected 149 gold pieces.

Inventory:

Hand Weapons
 a - a +2 mace
 d - a +0 dagger
 g - a +0 hand axe
 h - a +3 vampiric hand axe (weapon)
Armour
 b - a +0 ring mail (worn)
 l - a +0 cloak (worn)
 t - a troll hide
Wands
 k - a wand of lightning (5/15)
Scrolls
 e - 2 scrolls of teleportation
 f - a scroll of identify
 j - a scroll of blinking
Potions
 i - 4 potions of curing
 m - a potion of berserk rage
 s - a potion of resistance {unknown}
Books
 c - the Incunabulum of Black Magic

   Spells                             Type                      Level
   a - Pain                           Necromancy                   1
   b - Regeneration                   Charms/Necromancy            3
Comestibles
 n - a bread ration
 o - a beef jerky
 p - a meat ration
 q - 3 chunks of flesh


   Skills:
 + Level 3.7 Fighting
 * Level 5.1(5.5) Axes
 - Level 2.1(3.5) Maces & Flails
 + Level 1.9 Throwing
 + Level 3.9 Armour
 + Level 1.9 Dodging
 - Level 1.7 Stealth
 - Level 1.0 Spellcasting
   Level 2.0 Necromancy


You had 8 spell levels left.
You didn't know any spells.

Dungeon Overview and Level Annotations

Branches:
Dungeon (4/15)
 Temple: D:4-7

Altars:
Fedhas
Kikubaaqudgha
Qazlal
Ru
Xom

Shops:
D:4 [

Annotations:
D:3 1 runed door
D:4 nubinia's ghost, novice DECj


Innate Abilities, Weirdness & Mutations

You have a pair of small antennae on your head.
Your flesh is heat resistant. (rF+)
You are resistant to electric shocks. (rElec)
You evolve.


Message History

The battlesphere fires!
The barrage of energy hits you! Nubinia's ghost hits you.
Nubinia's ghost casts a spell at you. The spray of energy misses you.
The battlesphere fires!
The barrage of energy hits you!
Nubinia's ghost points at you and mumbles some strange words.
The magic dart hits you!
The battlesphere fires!
The barrage of energy hits you!
You feel less confused.
You feel better.
Nubinia's ghost hits you but does no damage.
Nubinia's ghost points at you and mumbles some strange words.
The magic dart hits you!
The battlesphere fires!
The barrage of energy hits you!
Found a scroll of identify.
Nubinia's ghost points at you and mumbles some strange words.
The magic dart hits you!
* * * LOW HITPOINT WARNING * * *
The battlesphere fires!
The barrage of energy hits you!
You die...

.......#### #...........#
.......P..#### #...........#
......PPPP... #...........#
...)...P_PP# #...........# .
.......P.P.# # #....(......# .
...........###.#...........# #+
##..........##.#...*.......# #.
#.......#................## #.
#....^..§§# #..@.........# #!
##.....§_§.###.)...W......######.
.+....≈##≈.......................
##.....^........###...#[.......#.
...#######......###...#........#.
...+ +.......................
...# #......###...#........#.
...# #...... #...#.########. ...#
?... #...#.# #.


You could see a battlesphere and nubinia's ghost.

Vanquished Creatures
  A water moccasin skeleton (D:4)
  3 hounds (D:4)
  Ijyb (D:2)
  Natasha (D:4)
  An orc wizard (D:3)
  A worker ant (D:4)
  11 adders
  3 oozes
  An adder skeleton (D:4)
  A worm (D:3)
  A dart slug (D:1)
  2 giant geckos
  5 orcs (D:3)
  6 giant cockroaches
  8 hobgoblins
  11 jackals
  6 kobolds
  3 quokkas
  A ball python (D:1)
  10 bats
  4 giant newts
  13 goblins
  10 rats
104 creatures vanquished.

Notes
Turn   | Place    | Note
-------+----------+-------------------------------------------
     0 | D:1      | epen the Hill Orc Wanderer began the quest for the Orb.
     0 | D:1      | epen set off with: a +2 mace, a +0 ring mail, the Incunabulum of Black Magic, a +0 dagger, a bread ration
     0 | D:1      | Reached XP level 1. HP: 16/16 MP: 2/2
    85 | D:1      | Reached XP level 2. HP: 23/23 MP: 3/3
   344 | D:1      | Gained mutation: You are resistant to electric shocks. (rElec) [potion of mutation]
   344 | D:1      | Gained mutation: You have a pair of small antennae on your head. [potion of mutation]
   344 | D:1      | Gained mutation: You evolve. [potion of mutation]
   727 | D:1      | Reached XP level 3. HP: 20/29 MP: 4/4
   744 | D:1      | Reached skill level 1 in Axes
   753 | D:1      | Reached skill level 1 in Dodging
  1107 | D:1      | Gained mutation: You are partially covered in icy blue scales. (AC +1) [evolution]
  1503 | D:2      | Reached XP level 4. HP: 31/37 MP: 5/5
  1603 | D:2      | Reached skill level 2 in Axes
  1995 | D:2      | Gained mutation: Your flesh is heat resistant. (rF+) [evolution]
  2166 | D:2      | Noticed Ijyb
  2190 | D:2      | Killed Ijyb
  2190 | D:2      | Reached skill level 1 in Throwing
  2190 | D:2      | Reached XP level 5. HP: 44/44 MP: 6/6
  2525 | D:3      | Found a shimmering altar of Xom.
  2567 | D:3      | Reached skill level 3 in Axes
  2575 | D:3      | Found a sacrificial altar of Ru.
  3043 | D:3      | Found an ancient bone altar of Kikubaaqudgha.
  3170 | D:3      | Identified the Incunabulum of Black Magic
  3492 | D:3      | Found a runed door.
  3556 | D:4      | Reached skill level 4 in Axes
  3556 | D:4      | Reached XP level 6. HP: 46/51 MP: 7/7
  3603 | D:4      | Found a blossoming altar of Fedhas.
  3603 | D:4      | Found a stormy altar of Qazlal.
  3859 | D:4      | Found Onemi's Antique Armour Shop.
  4008 | D:4      | Reached skill level 5 in Axes
  4034 | D:4      | Noticed Natasha
  4047 | D:4      | Killed Natasha
  4047 | D:4      | Reached XP level 7. HP: 41/58 MP: 8/8
  4109 | D:4      | Lost mutation: You are partially covered in icy blue scales. (AC +1) [evolution]
  4203 | D:4      | Noticed nubinia's ghost (novice DECj)
  4218 | D:4      | Killed from afar by a battlesphere

Vault maps used:
D:1:      lemuel_arrival_hallway, minmay_misc_feat_plants, minivault_4,
          item_on_display_a
D:2:      kennysheep_the_goblin_king
D:3:      nicolae_ru_sacrificial_ziggurat, xom_butterflies, lemuel_doored_altar,
          first_bread, grunt_decor_one_mirror, serial_bayou_ford_a,
          uniq_crazy_yiuf_cottage
D:4:      grunt_temple_overflow_forces_of_nature, serial_shops,
          kennysheep_mini_moat, uniq_natasha

Skill      XL: |  1  2  3  4  5  6 |
---------------+-------------------+-----
Fighting       | 2 3 |  3.7
Axes           | 1 2 4 5 |  5.1
Dodging        | 1 |  1.9
Throwing       | 1 |  1.9
Armour         | 3 |  3.9
Maces & Flails | |  2.1
Stealth        | |  1.7
Spellcasting   | |  1.0
Necromancy     | |  2.0

Action                   |  1- 3 |  4- 6 |  7- 9 || total
-------------------------+-------+-------+-------++-------
Melee: Mace              |    13 |       |       ||    13
       Hand axe          |   128 |   285 |       ||   413
  Use: Potion            |     2 |       |     1 ||     3
       Scroll            |       |     6 |       ||     6
  Eat: Chunk             |     1 |    10 |       ||    11
       Bread ration      |       |     1 |       ||     1
Armor: Ring mail         |    69 |   143 |     2 ||   214
Dodge: Dodged            |   113 |   169 |     1 ||   283
